 Dungeon Crawl Stone Soup version 0.22-a0-422-g9628fc8 (webtiles) character file.

16 iamserjio the Caller (level 2, -1/13 HPs)
             Began as a Vine Stalker Summoner on May 21, 2018.
             Slain by a gnoll
             ... wielding a +0 halberd
              (14 damage)
             ... on level 1 of the Dungeon.
             The game lasted 00:02:34 (1178 turns).

iamserjio the Caller (Vine Stalker Summoner)        Turns: 1178, Time: 00:02:35

Health: -1/13      AC:  2    Str: 10    XL:     2   Next: 54%
Magic:  0/6        EV: 12    Int: 15    God:
Gold:   47         SH:  0    Dex: 14    Spells: 5/6 levels left

rFire    . . .     SeeInvis .   g - +0 club
rCold    . . .     Gourm    .   (no shield)
rNeg     . . .     Faith    .   a - +0 robe
rPois    .         Spirit   +   (no helmet)
rElec    .         Reflect  .   (no cloak)
rCorr    .         Harm     .   (no gloves)
MR       .....                  (no boots)
Stlth    ++........             (no amulet)
HPRegen  0.04/turn              (no ring)
MPRegen  0.10/turn              (no ring)

@: no status effects
A: fangs 2, magic shield, antimagic bite, no potion heal 3, rot immunity
a: no special abilities


You were on level 1 of the Dungeon.
You were not hungry.

You visited 1 branch of the dungeon, and saw 1 of its levels.

You collected 47 gold pieces.

Inventory:

Hand Weapons
 g - a +0 club (weapon)
Missiles
 e - 19 stones (quivered)
Armour
 a - a +0 robe (worn)
 k - a +0 buckler
Jewellery
 d - a cursed -5 ring of protection {unknown}
Scrolls
 h - a scroll of identify {unknown}
Potions
 b - a potion of haste {unknown}
 f - a potion of lignification {unknown}
 i - 3 potions of cancellation {unknown}
 j - 2 potions of heal wounds {unknown}
Comestibles
 c - 2 rations
 l - 2 chunks of flesh


   Skills:
 + Level 0.0 Fighting
 - Level 1.5 Dodging
 - Level 2.4 Stealth
 + Level 2.7 Spellcasting
 + Level 4.3 Summonings


You had 5 spell levels left.
You knew the following spells:

 Your Spells              Type           Power        Failure   Level  Hunger
a - Summon Small Mammal   Summ           ###.         3%          1    #......

Your spell library contained the following spells:

 Spells                   Type           Power        Failure   Level  Hunger
 Summon Ice Beast         Ice/Summ       #.......     63%         4    #####..
 Call Imp                 Summ           ###.....     5%          2    ##.....
 Call Canine Familiar     Summ           ###.....     11%         3    ###....
 Summon Lightning Spire   Summ/Air       #.......     63%         4    #####..
 Summon Guardian Golem    Hex/Summ       #.......     26%         3    ###....


Dungeon Overview and Level Annotations

Branches:
Dungeon (1/15)

Altars:


Innate Abilities, Weirdness & Mutations

You have extremely sharp teeth.
When hurt, damage is shared between your health and your magic reserves.
Your bite disrupts and absorbs the magic of your enemies.
Potions cannot restore your health.
You are immune to rotting.


Message History

Confirm with . or Enter, or press ? or * to list all spells.
The bat barely misses you.
Your quokka bites the bat.
The bat dies!
Your rat closely misses the gnoll.
Your bat hits the gnoll but does no damage. x2
The gnoll misses your quokka.
Your rat bites the gnoll but does no damage.
Casting: Summon Small Mammal (safe; 3% risk of failure)
Confirm with . or Enter, or press ? or * to list all spells.
Your bat closely misses the gnoll.
Your rat barely misses the gnoll.
Casting: Summon Small Mammal (safe; 3% risk of failure)
Confirm with . or Enter, or press ? or * to list all spells.
Your rat disappears in a puff of smoke!
Your bat barely misses the gnoll.
The gnoll closely misses you.
Casting: Summon Small Mammal (safe; 3% risk of failure)
Confirm with . or Enter, or press ? or * to list all spells.
Your bat disappears in a puff of smoke!
The gnoll hits you from afar with a halberd!
Ouch! That really hurt!
You die...

#.........# #.###...
#.........###.#.....
#.............##....
#####'##########.### #.# #.#
# #.#### #.# # ###### #.##...
#.###
......####r##...#####.#..
....§.gr@rb.+...'........
#####§§###.##...#.......#
##.###.### ###.###..#
#.#.....+ #.....#..#
#.#'#.#'#####.#'#..#
#.'.#.#.....+.#....#
#.#.#.#..<..#.#.#..#
##########.#.#+#..>..###.#..#
#..........#.#.#.....#[#.#..#


You could see a gnoll, 3 friendly quokkas and a friendly bat.

Vanquished Creatures
  An ooze (D:1)
  2 goblins (D:1)
  A hobgoblin (D:1)
  A frilled lizard (D:1)
  2 kobolds (D:1)
7 creatures vanquished.

Vanquished Creatures (collateral kills)
  An ooze (D:1)
  A goblin (D:1)
  A hobgoblin (D:1)
  A bat (D:1)
  A kobold (D:1)
5 creatures vanquished.

Grand Total: 12 creatures vanquished

Notes
Turn   | Place    | Note
-------+----------+-------------------------------------------
     0 | D:1      | iamserjio the Vine Stalker Summoner began the quest for the Orb.
     0 | D:1      | Reached XP level 1. HP: 9/9 MP: 4/4
   348 | D:1      | Reached XP level 2. HP: 13/13 MP: 2/6
  1178 | D:1      | Slain by a gnoll

Vault maps used:
D:1:      shiori_arrival_maze

Action                   || total
-------------------------++-------
Melee: Unarmed           ||    14
       Bite              ||     5
       Club              ||    11
 Cast: Summon Small Mamm ||    17
 Stab: Sleeping          ||     1
  Eat: Chunk             ||     1
Armor: Robe              ||     7
Dodge: Dodged            ||    17

Table legend:
 A = Spawn XP
 B = Non-spawn XP
 C = Spawn XP percentage of total XP
 D = Spawn monster count
 E = Non-spawn monster count
 F = Spawn count percentage of total count
 G = Total turns spent on level
                    A         B        C        D         E        F      G
               +---------+---------+-------+---------+---------+-------+---------
         Total |       0 |      23 |   0.0 |       0 |      12 |   0.0 |  1178
               +---------+---------+-------+---------+---------+-------+---------
           D:1 |       0 |      23 |   0.0 |       0 |      12 |   0.0 |  1178
               +---------+---------+-------+---------+---------+-------+---------
